Map: Deathaura LE

Players

LiquidClem (Clem)

  • Race: Terran Terran
  • Spawn Location: 11:00

ByuN - Winner!

  • Race: Terran Terran
  • Spawn Location: 5:00

Event: Cheeseadelphia Winter Championship 2021

VOD

Have the link to the VOD?

Description

Time

  • Played on: Jan. 24, 2021, 3:45 p.m.
  • Length: 17:48

All games in this series

Show
View Real Time Build Order
Export as new Build Order

LiquidClem Terran 

Build Orders:  

Get SALT Encoding   

  12  0:00  SCV  
  13  0:12  SCV  
  14  0:17  Supply Depot  
  14  0:24  SCV  
  15  0:38  SCV  
  15  0:40  Barracks  
  16  0:43  Refinery  
  16  0:50  SCV  
  16  0:52  Refinery  
  17  1:02  SCV  
  18  1:14  SCV  
  19  1:28  Orbital Command, Reaper  
  19  1:29  Supply Depot  
  20  1:45  Factory  
  20  1:53  SCV  
  21  2:00  Reaper  
  22  2:05  SCV  
  23  2:17  SCV  
  23  2:21  Command Center  
  24  2:28  Hellion  
  24  2:29  SCV  
  27  2:32  Barracks Reactor  
  27  2:41  SCV  
  27  2:50  Hellion  
  29  2:53  SCV  
  26  3:06  SCV  
  26  3:10  Marine  
  25  3:18  SCV  
  24  3:27  Marine  
  24  3:28  Marine  
  24  3:30  SCV  
  25  3:36  Orbital Command  
  25  3:39  Factory Tech Lab  
  25  3:42  SCV  
  25  3:46  Marine x2  
  27  3:58  Cyclone, SCV  
  27  4:02  SCV  
  32  4:05  Marine  
  32  4:06  Marine  
  32  4:10  SCV  
  32  4:17  SCV  
  34  4:21  Starport  
  34  4:22  SCV  
  33  4:28  Marine x2  
  33  4:29  SCV  
  35  4:34  Siege Tank  
  35  4:37  SCV  
  39  4:41  SCV  
  40  4:47  Supply Depot  
  40  4:50  SCV  
  40  4:51  Marine x2  
  43  4:56  SCV  
  43  4:57  Medivac  
  46  5:04  Refinery  
  46  5:08  SCV  
  46  5:09  SCV  
  46  5:10  Supply Depot  
  46  5:13  Cyclone  
  51  5:18  Marine x2  
  53  5:22  SCV  
  53  5:28  Supply Depot  
  54  5:30  Starport Tech Lab  
  54  5:32  SCV  
  55  5:36  SCV, Marine x2  
  56  5:44  SCV  
  56  5:48  SCV  
  58  5:52  Raven, Siege Tank  
  58  5:56  SCV  
  63  5:58  Supply Depot  
  63  6:00  SCV  
  64  6:08  SCV  
  65  6:12  SCV  
  65  6:17  Marine x2  
  68  6:20  Command Center  
  68  6:21  SCV  
  68  6:25  Siege Tank  
  72  6:28  SCV  
  72  6:32  Supply Depot, Refinery  
  73  6:34  SCV  
  74  6:40  SCV  
  75  6:47  Medivac  
  75  6:48  Marine  
  75  6:53  Supply Depot  
  78  6:54  Medivac, Stimpack, SCV x2  
  82  7:04  Supply Depot  
  82  7:06  SCV, Siege Tank  
  86  7:13  Barracks  
  86  7:14  SCV, Marine  
  86  7:15  Barracks  
  88  7:18  SCV  
  88  7:21  Supply Depot  
  89  7:26  SCV  
  90  7:30  SCV, Viking  
  90  7:32  Marine  
  90  7:35  Orbital Command  
  92  7:38  SCV  
  92  7:42  SCV  
  92  7:43  Siege Tank  
  92  7:50  SCV  
  93  7:53  Supply Depot, Orbital Command  
  93  7:55  SCV  
  93  7:56  Marine  
  92  8:03  Barracks Reactor, SCV  
  92  8:05  Liberator x2  
  97  8:07  SCV  
  98  8:14  Marine  
  98  8:15  SCV  
  98  8:19  SCV  
  101  8:21  SCV  
  101  8:26  Siege Tank  
  101  8:27  SCV  
  101  8:31  Marine  
  101  8:32  Marine  
  101  8:35  Barracks  
  101  8:36  Barracks  
  98  8:45  SCV  
  98  8:46  SCV  
  99  8:49  Marine  
  99  8:50  Marine  
  93  8:58  Siege Tank  
  93  9:00  Combat Shield, Viking  
  98  9:06  SCV  
  98  9:07  Marine x2  
  101  9:13  Barracks  
  98  9:22  Engineering Bay x2, SCV x2  
  100  9:25  Marine x2  
  100  9:26  Orbital Command  
  100  9:30  Siege Tank  
  105  9:34  SCV  
  105  9:38  Viking x2  
  105  9:40  SCV  
  105  9:43  Marine  
  112  9:46  SCV  
  112  9:52  SCV  
  111  9:53  SCV  
  111  9:58  SCV  
  113  10:01  Barracks Reactor, Marine  
  113  10:04  SCV  
  113  10:05  SCV  
  113  10:06  Supply Depot  
  115  10:10  SCV  
  115  10:14  Siege Tank  
  115  10:16  SCV  
  115  10:19  Marine  
  115  10:20  Supply Depot  
  120  10:22  Barracks  
  120  10:23  Barracks  
  120  10:26  Refinery  
  120  10:27  SCV, Refinery  
  120  10:28  SCV, Marine  
  123  10:31  SCV, Marine  
  125  10:36  Marine x2  
  125  10:39  SCV, Marine  
  125  10:40  SCV  
  130  10:45  Marine  
  130  10:46  Siege Tank  
  130  10:48  SCV  
  121  10:51  SCV  
  121  10:53  Marine  
  121  10:54  Marine  
  121  10:56  SCV  
  117  10:58  Marine  
  117  11:00  SCV, Marine  
  117  11:03  Marine  
  121  11:06  Orbital Command  
  121  11:07  Viking  
  121  11:08  SCV  
  121  11:13  Engineering Bay x2, SCV  
  122  11:20  SCV  
  122  11:23  Siege Tank  
  122  11:25  SCV  
  127  11:32  SCV x2  
  130  11:44  Barracks Reactor x2, SCV  
  130  11:45  Marine x2  
  130  11:46  Marine x2  
  135  11:47  Barracks Reactor, SCV  
  135  11:49  Supply Depot  
  135  11:50  Terran Infantry Armor Level 1  
  135  11:52  Terran Infantry Weapons Level 1  
  135  11:55  Siege Tank, Marine  
  135  11:57  Refinery  
  139  12:04  Marine  
  139  12:05  Refinery, Marine  
  141  12:11  Medivac x2, Marine  
  146  12:15  Supply Depot  
  146  12:17  Supply Depot  
  146  12:18  Marine  
  146  12:21  Marine x2  
  149  12:37  Siege Tank, Marine x5  
  149  12:39  Marine x2  
  149  12:40  Armory  
  149  12:41  Marine x2  
  149  12:44  Medivac x2  
  158  12:54  Marine x4  
  158  12:56  Marine  
  159  12:59  Marine  
  159  13:02  Marine  
  159  13:05  SCV x2  
  157  13:08  Command Center  
  157  13:09  Siege Tank  
  157  13:10  Marine x2  
  157  13:12  Marine  
  163  13:15  SCV, Marine  
  163  13:16  Sensor Tower  
  161  13:22  Marine  
  161  13:25  Marine  
  135  13:27  Marine x3  
  135  13:33  Marine  
  131  13:35  Marine  
  131  13:37  SCV x2  
  131  13:38  SCV  
  131  13:39  Marine  
  129  13:41  Siege Tank, Marine  
  129  13:43  Marine x2  
  129  13:48  Marine x2  
  127  13:49  SCV x2  
  127  13:50  Marine  
  131  13:58  Marine x2  
  131  14:03  Marine x3  
  131  14:08  Terran Infantry Weapons Level 2  
  134  14:10  Command Center  
  134  14:13  Siege Tank  
  134  14:16  Marine x6  
  143  14:21  Medivac x2  
  147  14:24  Supply Depot, Marine  
  147  14:25  Marine  
  147  14:27  Marine  
  150  14:34  Marine x2  
  150  14:39  Factory  
  150  14:41  Marine  
  150  14:43  SCV  
  150  14:44  Marine  
  150  14:45  Marine x2  
  153  14:47  Barracks Reactor  
  153  14:48  Siege Tank, Marine  
  141  14:55  Marine x2  
  141  14:56  Marine  
  141  14:59  Marine  
  126  15:02  Marine x2  
  126  15:03  Marine  
  126  15:06  Marine  
  118  15:09  SCV  
  118  15:13  Marine x3  
  114  15:17  Marine  
  114  15:18  SCV  
  114  15:20  Siege Tank, Marine x3  
  117  15:24  Marine  
  117  15:27  Marine  
  117  15:31  Marine x2  
  117  15:33  Marine x2  
  117  15:35  SCV x2, Marine  
  124  15:37  SCV  
  125  15:44  Marine  
  125  15:45  Marine x2  
  125  15:47  SCV  
  128  15:50  Marine x2  
  128  15:55  Marine x3  
  133  15:59  Siege Tank  
  133  16:02  Marine x3  
  133  16:03  Marine  
  117  16:13  Marine x4  
  117  16:14  Marine x2  
  117  16:17  Liberator x2  
  129  16:20  Marine x2  
  129  16:24  Marine x2  
  124  16:36  Siege Tank, Marine x3  
  119  16:40  Marine  
  118  16:48  Marine  
  118  16:50  Marine  
  118  17:00  Medivac, Marine x2  
  118  17:01  Marine x2  
  105  17:08  Siege Tank  
  98  17:09  Marine  
  98  17:13  Marine x4  
  93  17:22  Marine x4  
  97  17:26  SCV x2  
  97  17:29  Marine  
  100  17:30  Marine  
Show
View Real Time Build Order
Export as new Build Order

ByuN Terran - Winner!

Build Orders:  

Get SALT Encoding   

  12  0:01  SCV  
  13  0:14  Supply Depot  
  13  0:18  SCV  
  14  0:36  SCV  
  14  0:39  Barracks  
  15  0:43  Refinery  
  15  0:48  SCV  
  16  1:00  SCV  
  17  1:12  SCV  
  18  1:26  Orbital Command  
  18  1:31  Refinery  
  18  1:35  Barracks Tech Lab  
  18  1:36  Supply Depot  
  18  1:53  SCV  
  19  1:54  Marauder, Concussive Shells  
  21  2:05  SCV  
  21  2:08  Factory  
  22  2:16  Marauder  
  22  2:17  SCV  
  22  2:22  Supply Depot  
  25  2:29  SCV  
  26  2:37  Marauder  
  26  2:41  SCV  
  29  2:53  Factory Tech Lab, SCV  
  30  2:59  Marauder  
  30  3:05  Starport  
  30  3:12  Cyclone  
  32  3:18  SCV  
  30  3:20  Marauder  
  32  3:36  Command Center  
  30  3:41  Marauder  
  30  3:45  Starport Tech Lab  
  32  3:52  SCV  
  36  3:55  Cyclone  
  36  3:59  Supply Depot  
  34  4:03  Marauder  
  36  4:11  SCV  
  36  4:16  Banshee  
  38  4:23  SCV  
  39  4:28  Refinery  
  37  4:35  SCV  
  37  4:36  Barracks  
  38  4:47  Barracks  
  38  4:48  SCV  
  39  4:54  Orbital Command  
  39  4:57  Factory Reactor  
  39  4:59  Raven  
  41  5:02  SCV  
  42  5:19  SCV x2  
  44  5:30  Command Center  
  44  5:31  SCV  
  44  5:32  SCV  
  44  5:35  Stimpack, Marine  
  47  5:43  SCV  
  47  5:44  SCV  
  47  5:49  Marine x2  
  51  5:53  Siege Tank, Marine  
  51  5:56  SCV x2  
  54  6:02  Viking  
  56  6:07  Marine x2  
  56  6:08  SCV x2  
  56  6:11  Marine  
  61  6:20  SCV  
  61  6:21  Supply Depot  
  61  6:23  Supply Depot  
  61  6:25  Siege Tank, SCV, Marine x2  
  65  6:28  Marine  
  65  6:32  SCV  
  70  6:37  Starport Reactor  
  70  6:41  SCV  
  70  6:43  Marine x2  
  70  6:44  SCV  
  70  6:45  Orbital Command  
  70  6:46  Refinery, Marine  
  75  6:56  Engineering Bay, SCV x2  
  75  6:57  Engineering Bay  
  75  7:00  Marine  
  75  7:01  Marine  
  79  7:03  Siege Tank  
  82  7:13  Supply Depot, Orbital Command  
  82  7:14  Marine  
  83  7:15  Medivac x2  
  83  7:18  Marine x2  
  88  7:27  Combat Shield  
  88  7:31  Marine  
  88  7:34  SCV  
  88  7:36  Marine x2  
  92  7:37  Siege Tank  
  95  7:49  Marine  
  96  7:52  Medivac x2  
  96  7:54  Marine x2  
  102  8:03  Barracks  
  102  8:04  Terran Infantry Armor Level 1, Terran Infantry Weapons Level 1, Barracks  
  102  8:05  Supply Depot, SCV x3  
  105  8:06  Supply Depot, Barracks  
  105  8:07  Marine  
  105  8:09  Siege Tank  
  107  8:13  Marine  
  107  8:14  Marine  
  107  8:17  SCV x3  
  94  8:24  Liberator  
  94  8:25  Liberator, Marine  
  93  8:43  SCV x2, Marine  
  93  8:44  Factory Tech Lab  
  94  9:00  Refinery  
  94  9:01  Refinery  
  93  9:06  SCV x2  
  93  9:07  Viking  
  93  9:08  Viking  
  93  9:09  Orbital Command  
  99  9:14  Supply Depot  
  99  9:16  Supply Depot  
  99  9:18  Factory Tech Lab, SCV x2  
  101  9:30  SCV x2  
  103  9:35  Barracks x2  
  103  9:37  SCV  
  104  9:42  SCV x2  
  106  9:46  Siege Tank  
  106  9:50  SCV  
  110  9:53  Barracks Reactor  
  110  9:54  SCV x2  
  111  10:02  Barracks, SCV  
  111  10:04  Barracks  
  111  10:06  SCV  
  113  10:08  Viking x2  
  113  10:09  SCV  
  113  10:13  Armory  
  113  10:14  SCV  
  119  10:18  SCV  
  121  10:21  SCV  
  121  10:26  SCV  
  122  10:30  SCV  
  122  10:31  Marine x2  
  125  10:40  Supply Depot x4  
  124  10:49  Marine x2  
  125  10:51  SCV x2  
  125  10:52  Siege Tank  
  125  10:58  Barracks Reactor x2  
  125  10:59  Barracks Reactor  
  125  11:00  Barracks Reactor  
  125  11:03  Refinery x2  
  123  11:06  Marine  
  123  11:07  Marine  
  121  11:11  Medivac x2  
  125  11:24  Siege Tank, Marine x2  
  120  11:27  Sensor Tower  
  117  11:41  Marine  
  117  11:42  Marine x8  
  117  11:45  Terran Infantry Armor Level 2  
  117  11:46  Terran Infantry Weapons Level 2  
  126  11:47  Command Center  
  126  11:56  Siege Tank  
  126  11:59  Viking x2  
  126  12:00  Marine  
  133  12:12  Marine x2  
  133  12:13  Marine x6  
  133  12:14  Marine  
  142  12:18  Marine  
  143  12:29  Viking x2  
  147  12:30  Marine x2  
  147  12:33  Marine  
  147  12:34  Marine x2  
  153  12:37  Siege Tank  
  153  12:38  Marine  
  153  12:42  Marine  
  153  12:43  Marine  
  156  12:49  Marine  
  156  12:50  Marine x2  
  153  12:53  Marine x2  
  153  12:57  Marine x2  
  155  12:59  Viking  
  155  13:00  Viking  
  155  13:04  Marine x3  
  156  13:07  Marine x2  
  155  13:15  Marine  
  155  13:16  Siege Tank, Marine x4  
  159  13:22  Marine x3  
  159  13:26  Marine  
  146  13:28  Marine  
  146  13:29  Viking  
  146  13:33  Marine x2  
  146  13:34  Marine x2  
  143  13:35  Marine  
  143  13:40  Marine  
  146  13:43  Marine  
  146  13:44  Marine x2  
  146  13:45  Marine  
  146  13:46  Command Center  
  146  13:48  Siege Tank  
  149  13:51  Marine x4  
  150  13:58  Marine x2  
  150  14:02  Medivac  
  150  14:05  Terran Infantry Armor Level 3  
  150  14:07  Sensor Tower  
  152  14:12  Terran Infantry Weapons Level 3  
  152  14:19  Marine x2  
  152  14:20  Siege Tank  
  157  14:26  Marine x4  
  157  14:27  Marine x4  
  165  14:32  Viking x2  
  165  14:37  Marine x2  
  171  14:52  Siege Tank  
  168  14:53  Marine  
  168  14:54  Marine x2  
  168  14:57  Marine  
  168  14:58  Marine  
  168  14:59  Marine  
  158  15:01  Marine x2  
  158  15:07  Marine x2  
  158  15:11  Marine  
  158  15:12  Marine  
  157  15:16  Marine x3  
  157  15:17  Marine  
  157  15:18  Marine  
  157  15:19  Marine  
  160  15:24  Siege Tank, Marine x2  
  159  15:29  Marine  
  159  15:30  Marine  
  159  15:32  Medivac x2  
  159  15:34  Marine x3  
  159  15:35  Marine  
  162  15:48  Marine  
  163  15:55  Missile Turret  
  162  15:57  Marine x6  
  162  15:59  Marine x2  
  162  16:02  Medivac x2  
  162  16:03  Marine  
  175  16:10  Marine  
  152  16:15  Marine x6  
  152  16:16  Marine  
  152  16:18  Siege Tank  
  161  16:19  Marine  
  161  16:21  Marine  
  163  16:26  Factory  
  163  16:28  Marine  
  162  16:32  Marine  
  162  16:33  Marine x5  
  162  16:34  Marine  
  167  16:42  Marine x2  
  167  16:46  Liberator x2, Marine  
  176  16:50  Planetary Fortress, Siege Tank, Marine  
  180  16:56  Sensor Tower  
  180  16:57  Marine  
  180  17:00  Marine  
  155  17:08  Marine  
  155  17:09  Marine x2  
  155  17:11  Marine  
  155  17:13  Marine x3  
  155  17:14  Marine  
  155  17:15  Marine  
  158  17:23  Marine  
  158  17:26  Marine x2  
  158  17:27  Marine  
  158  17:29  Marine  
Tags
 
Add a new tag
Caveats
  • Supply blocks, unpowered buildings, or Contaminate may cause inaccurate times.
  • Supply counts are checked every 10 seconds.